Map: Abyssal Reef LE

Players

Raze - Winner!

  • Race: Terran Terran
  • Spawn Location: 5:00

Poizon

  • Race: Protoss Protoss
  • Spawn Location: 11:00

Event: WCS Montreal 2017

VOD

Have the link to the VOD?

Description

Time

  • Played on: Sept. 8, 2017, 12:48 p.m.
  • Length: 6:17

All games in this series

Show
View Real Time Build Order
Export as new Build Order

Raze Terran - Winner!

Build Orders: Reaper Expand 

Get SALT Encoding   

  12  0:00  SCV  
  13  0:12  SCV  
  14  0:17  Supply Depot  
  14  0:25  SCV  
  15  0:39  Barracks, SCV  
  16  0:44  Refinery  
  16  0:51  SCV  
  17  1:03  SCV  
  18  1:15  SCV  
  19  1:27  Orbital Command, Reaper  
  20  1:43  Command Center  
  20  1:54  Barracks  
  20  1:58  SCV  
  21  2:01  Barracks Reactor  
  21  2:09  Supply Depot  
  21  2:12  SCV  
  22  2:21  Refinery  
  22  2:24  SCV  
  22  2:29  Factory  
  23  2:36  SCV  
  24  2:37  Marine x2  
  24  2:43  Barracks Tech Lab  
  26  2:48  SCV  
  27  2:55  Marine x2  
  29  3:00  Orbital Command  
  29  3:03  SCV  
  30  3:09  Stimpack  
  30  3:12  Marine  
  31  3:14  Marine  
  31  3:16  Marine  
  33  3:25  SCV  
  34  3:31  Marine  
  34  3:33  SCV  
  36  3:35  Starport, Factory Reactor  
  36  3:40  SCV  
  37  3:41  Marine  
  37  3:44  Marine  
  37  3:45  SCV  
  40  3:49  Supply Depot, Marine  
  40  3:52  SCV  
  42  3:57  SCV  
  42  4:01  Marine  
  42  4:02  Marine  
  45  4:07  Marine, SCV  
  46  4:10  SCV  
  46  4:11  Supply Depot  
  47  4:18  Widow Mine  
  47  4:19  Medivac, SCV  
  47  4:21  Medivac  
  54  4:24  Supply Depot  
  54  4:32  Marine x3  
  54  4:33  SCV x2  
  59  4:45  SCV  
  60  4:46  SCV  
  60  4:47  Supply Depot  
  60  4:50  Marine x3  
  64  4:53  Widow Mine  
  64  4:57  SCV  
  67  5:01  SCV  
  67  5:13  Marine  
  67  5:14  Marine x2  
  68  5:15  SCV  
  68  5:19  Medivac x2  
  74  5:28  SCV  
  75  5:30  Supply Depot  
  75  5:32  Marine x2  
  77  5:39  Command Center  
  77  5:41  Supply Depot  
  77  5:42  Barracks  
  77  5:48  SCV x2  
  77  5:55  Marine x3  
  80  6:01  Barracks  
  80  6:02  Barracks  
  80  6:03  SCV  
Show
View Real Time Build Order
Export as new Build Order

Poizon Protoss 

Build Orders: 1 Gate Expand, Oracle Opening 

Get SALT Encoding   

  12  0:01  Probe (Chrono Boost)  
  13  0:11  Probe (Chrono Boost)  
  14  0:18  Pylon  
  14  0:22  Probe (Chrono Boost)  
  15  0:36  Probe (Chrono Boost)  
  15  0:37  Gateway  
  16  0:44  Assimilator  
  16  0:48  Probe (Chrono Boost)  
  17  0:58  Probe (Chrono Boost)  
  18  1:20  Nexus  
  18  1:36  Cybernetics Core  
  18  1:38  Probe (Chrono Boost)  
  18  1:39  Assimilator  
  19  1:48  Probe (Chrono Boost)  
  19  1:50  Pylon  
  20  1:59  Probe (Chrono Boost)  
  21  2:09  Probe (Chrono Boost)  
  21  2:12  Adept (Chrono Boost)  
  23  2:20  Probe  
  23  2:21  Warp Gate  
  24  2:31  Probe, Pylon  
  24  2:32  Probe  
  26  2:43  Sentry (Chrono Boost)  
  28  2:44  Probe  
  28  2:52  Probe  
  28  2:58  Probe, Stargate  
  30  3:07  Probe  
  29  3:16  Adept (Chrono Boost)  
  29  3:18  Probe  
  31  3:33  Probe  
  32  3:46  Adept (Chrono Boost), Pylon  
  32  3:48  Probe  
  33  3:49  Oracle (Chrono Boost)  
  38  4:09  Probe (Chrono Boost)  
  39  4:13  Probe (Chrono Boost)  
  40  4:21  Probe (Chrono Boost)  
  41  4:27  Mothership Core (Chrono Boost)  
  41  4:28  Phoenix  
  45  4:32  Probe (Chrono Boost), Assimilator  
  46  4:42  Probe (Chrono Boost)  
  46  4:45  Nexus  
  47  4:47  Probe (Chrono Boost)  
  48  4:53  Probe (Chrono Boost)  
  49  5:10  Probe (Chrono Boost), Phoenix  
  49  5:12  Probe (Chrono Boost)  
  48  5:16  Adept  
  48  5:20  Robotics Facility  
  50  5:26  Assimilator  
  50  5:28  Gateway  
  50  5:29  Gateway  
  50  5:35  Pylon  
  46  5:47  Adept  
  48  6:11  Adept  
Tags
 
Add a new tag
Caveats
  • Supply blocks, unpowered buildings, or Contaminate may cause inaccurate times.
  • Supply counts are checked every 10 seconds.